 Dungeon Crawl Stone Soup version 0.31-a0-277-g31ea1f65cc (webtiles) character file.

Game seed: 17620540264994802745

142 Newt the Trooper (level 5, -3/42 HPs)
             Began as a Demonspawn Gladiator on July 15, 2023.
             Killed by nerve-wracking pain
             ... invoked by Grinder
              (7 damage)
             ... on level 3 of the Dungeon.
             The game lasted 00:04:37 (2814 turns).

Newt the Trooper (Demonspawn Gladiator)             Turns: 2814, Time: 00:04:37

Health: -3/42      AC: 13    Str: 16    XL:     5   Next: 4%
Magic:  5/5        EV:  8    Int: 10    God:
Gold:   134        SH:  0    Dex: 14    Spells: 3/4 levels left

rFire   . . .        e - +0 dagger (freeze)
rCold   . . .        (no shield)
rNeg    . . .        n - +3 chain mail
rPois   .            c - +0 helmet
rElec   .            (no cloak)
rCorr   .            i - +0 pair of gloves
SInv    .            (no boots)
Will    .....        (no amulet) Stlth
                     (no ring)
HPRegen 0.27/turn    (no ring)
MPRegen 0.18/turn

%: no passive effects
@: no status effects
A: foul stench 1, magic regeneration
a: no special abilities


You were on level 3 of the Dungeon.
You visited 1 branch of the dungeon, and saw 3 of its levels.

You collected 134 gold pieces.

Inventory:

Hand Weapons
 a - a +0 rapier
 e - a +0 dagger of freezing (weapon)
Missiles
 h - a curare-tipped dart
 r - a javelin
Armour
 b - a +0 leather armour
 c - a +0 helmet (worn)
 i - a +0 pair of gloves (worn)
 n - a +3 chain mail (worn)
Scrolls
 j - a scroll of noise
 k - a scroll of teleportation
 l - a scroll of identify
Potions
 g - a potion of lignification {unknown}
 p - a potion of mutation {unknown}
 q - a potion of brilliance {unknown}


   Skills:
 + Level 4.2 Fighting
 - Level 2.6 Short Blades
 - Level 1.7 Throwing
 - Level 4.0 Dodging


You had 3 spell levels left.
You knew the following spells:

 Your Spells              Type           Power      Damage    Failure   Level
a - Summon Small Mammal   Summ           0%         N/A       99%         1

Your spell library contained the following spells:

 Spells                   Type           Power      Damage    Failure   Level
 Apportation              Tloc           0%         N/A       99%         1
 Necrotise                Necr           0%         1d4       99%         1
 Cigotuvi's Dreadful Rot  Necr/Pois/Air  0%         N/A       100%        2
 Ignite Poison            Fire/Tmut/Pois 0%         N/A       100%        3
 Freezing Cloud           Conj/Ice/Air   0%         6-21      100%        5


Dungeon Overview and Level Annotations

Branches:
Dungeon (3/15)

Altars:
Uskayaw

Shops:
D:3 *

Annotations:
D:3 3 runed translucent doors, Grinder; salammoniac's ghost, amateur OpSh


Innate Abilities, Weirdness & Mutations

You may rarely emit foul miasma when damaged in melee.
You regenerate magic rapidly.


Message History

Grinder is moderately wounded.
You hit Grinder.
Grinder is heavily wounded.
Grinder struggles against the net.
You hit Grinder but do no damage.
Grinder is heavily wounded.
Grinder struggles against the net.
You hit Grinder but do no damage.
Grinder is heavily wounded.
Grinder struggles against the net.
You barely miss Grinder.
Grinder is heavily wounded.
Grinder struggles against the net.
You hit Grinder.
Grinder is heavily wounded.
Grinder gestures at you.
You suddenly lose the ability to move!
Grinder struggles against the net.
Grinder blinks!
Grinder hits you but does no damage.
You can move again.
You hit Grinder.
Grinder is heavily wounded.
Grinder closely misses you.
You see here a throwing net.
d - a throwing net Grinder blinks!
Throw: throwing net
Press: ? - help, Q - select action, (/) - cycle Shift-Dir - straight line, f/p - Grinder
Aim: Grinder (heavily wounded, 53% to hit)
You throw a throwing net. The throwing net barely misses Grinder.
You hit Grinder but do no damage.
Grinder is heavily wounded.
Grinder hits you!
* * * LOW HITPOINT WARNING * * *
You writhe in agony.
* * * LOW HITPOINT WARNING * * *
There is a stone staircase leading up here.
Grinder gestures at you. Pain shoots through your body!
You die...

#.# #.#.#####.# #.####.## #.#
#.#...(.(.###.# #.#
..###########.####.##...#.# #.#
......................#.#.# #.#
..######.....###.#.##...#.####.#
.........[...# #...............#
.#######.....# ###.#############
## ##...######.# #.#.....@5.#
#...######## #####


You could see Grinder.

Vanquished Creatures
  A jelly (D:3)
  4 gnolls (D:2)
  An adder (D:2)
  A worm (D:2)
  3 dart slugs
  4 endoplasms
  4 giant cockroaches
  3 goblins
  3 hobgoblins
  5 quokkas
  5 ball pythons
  10 bats
  3 frilled lizards
  6 kobolds
  7 rats
60 creatures vanquished.

Notes
Turn   | Place    | Note
-------+----------+-------------------------------------------
     0 | D:1      | Newt the Demonspawn Gladiator began the quest for the Orb.
     0 | D:1      | Reached XP level 1. HP: 16/16 MP: 1/1
   240 | D:1      | Gained mutation: You may rarely emit foul miasma when
                  | damaged in melee. [demonic ancestry]
   240 | D:1      | Reached XP level 2. HP: 17/23 MP: 2/2
   436 | D:1      | Found a faded altar of an unknown god.
   704 | D:2      | Reached XP level 3. HP: 9/29 MP: 3/3
   952 | D:2      | Reached XP level 4. HP: 37/37 MP: 4/4
  1047 | D:2      | Learned a level 1 spell: Summon Small Mammal
  1661 | D:3      | Found a runed translucent gate.
  1662 | D:3      | Found a runed translucent gate.
  1662 | D:3      | Found a runed translucent gate.
  1663 | D:3      | Noticed salammoniac's ghost (amateur OpSh)
  1683 | D:3      | Found a hide-covered altar of Uskayaw.
  1720 | D:3      | Found Yvucoh's Assorted Antiques.
  2053 | D:3      | Gained mutation: You regenerate magic rapidly. [demonic
                  | ancestry]
  2053 | D:3      | Reached XP level 5. HP: 31/42 MP: 5/5
  2107 | D:3      | Noticed Grinder
  2132 | D:3      | Paralysed by Grinder for 4 turns
  2143 | D:3      | Paralysed by Grinder for 2 turns
  2439 | D:3      | Paralysed by Grinder for 4 turns
  2767 | D:3      | Paralysed by Grinder for 2 turns
  2782 | D:3      | Paralysed by Grinder for 5 turns
  2798 | D:3      | Paralysed by Grinder for 5 turns
  2814 | D:3      | Killed from afar by Grinder

Illustrated notes

Levels and vault maps discovered:
D:1:      minmay_arrival_wavy_path, layout_rooms, ebering_ecumenical_altar_webs
D:2:      layout_basic
D:3:      minmay_chambers_of_threes, layout_loops_ring, elyvilon_altar_1,
          nicolae_uskayaw_murder_on_the_dancefloor, gammafunk_ghost_split,
          serial_shops, shop, uniq_grinder

Skill      XL: |  1  2  3  4 |
---------------+-------------+-----
Fighting       | 3 4 |  4.2
Dodging        | 3 4 |  4.0
Short Blades   | |  2.6
Throwing       | |  1.7

Action                     |  1- 3 |  4- 6 || total
---------------------------+-------+-------++-------
  Melee: Rapier            |   104 |   139 ||   243
         Punch             |       |     3 ||     3
         Dagger            |       |    28 ||    28
  Throw: Dart              |     3 |     5 ||     8
         Javelin           |     1 |       ||     1
         Throwing net      |     1 |     6 ||     7
    Use: Scroll            |     3 |     5 ||     8
         Potion            |     2 |     1 ||     3
   Stab: Sleeping          |     1 |       ||     1
         Held in net/web   |     1 |       ||     1
 Armour: Leather armour    |    19 |       ||    19
         Chain mail        |    44 |   119 ||   163
  Dodge: Dodged            |    69 |    60 ||   129

Table legend: (Time is in decaauts)
 A = Elapsed time spent in this place.
 B = Non-inter-level travel time spent in this place.
 C = Inter-level travel time spent in this place.
 D = Time resting spent in this place.
 E = Time spent auto-exploring this place.
 F = Levels seen in this place.
 G = Mean time per level.
                   A        B        C        D        E       F      G
               +--------+--------+--------+--------+--------+-----+--------+
         Total |   2827 |   2775 |     52 |    843 |   1309 |   3 |  942.3 |
       Dungeon |   2827 |   2775 |     52 |    843 |   1309 |   3 |  942.3 |
               +--------+--------+--------+--------+--------+-----+--------+

Top non-repeatable levels by time:
     D:2: 1298 daAuts
     D:3: 858 daAuts
     D:1: 671 daAuts
